 Dungeon Crawl Stone Soup version 0.30.1-11-g7821555f0a (webtiles) character file.

Game seed: 8943098827588598344

1506 HagarQim the Cudgeller (level 8, -10/63 HPs)
             Began as a Demigod Conjurer on Jan 16, 2024.
             Hit by a large rock thrown by a cyclops (35 damage)
             ... on level 6 of the Dungeon.
             The game lasted 00:15:47 (7793 turns).

HagarQim the Cudgeller (Demigod Conjurer)           Turns: 7793, Time: 00:15:48

Health: -10/63     AC:  7    Str: 12    XL:     8   Next: 27%
Magic:  13/16      EV: 13    Int: 29    God:
Gold:   230        SH:  0    Dex: 12    Spells: 7/14 levels left

rFire   . . .        j - +4 whip of Dissatisfaction {holy, Will+ Int+5}
rCold   . . .        (no shield)
rNeg    + . .        a - +0 robe
rPois   .            u - +0 helmet
rElec   .            (no cloak)
rCorr   .            (no gloves)
SInv    .            (no boots)
Will    +....        D - amulet of magic regeneration
Stlth   ++           h - ring of positive energy
HPRegen 0.30/turn    y - +4 ring of protection
MPRegen 0.55/turn

%: no passive effects
@: no status effects
A: high MP 1, forlorn, divine attributes
a: no special abilities


You were on level 6 of the Dungeon.
You visited 1 branch of the dungeon, and saw 7 of its levels.

You collected 230 gold pieces.

Inventory:

Hand Weapons
 c - a +0 short sword
 j - the +4 whip of Dissatisfaction (weapon) {holy, Will+ Int+5}
   (You found it on level 2 of the Dungeon)

   Int:       It affects your intelligence (+5).
   Will:      It increases your willpower.
 A - a +6 heavy falchion
Missiles
 v - a throwing net
Armour
 a - a +0 robe (worn)
 u - a +0 helmet (worn)
Magical Staves
 d - a staff of cold
 k - a staff of death
Jewellery
 h - a ring of positive energy (left hand)
 n - an amulet of the acrobat
 w - a ring of resist corrosion
 y - a +4 ring of protection (right hand)
 D - an amulet of magic regeneration (around neck)
Scrolls
 f - 2 scrolls of noise {unknown}
 o - 2 scrolls of blinking
 q - 2 scrolls of poison {unknown}
 r - 2 scrolls of immolation {unknown}
 t - 2 scrolls of teleportation {unknown}
 C - a scroll of fog {unknown}
 E - a scroll of enchant armour {unknown}
Potions
 b - a potion of magic
 e - a potion of heal wounds
 g - 2 potions of haste {unknown}
 i - 5 potions of curing
 l - 4 potions of might
 m - 2 potions of mutation {unknown}
 p - 3 potions of lignification {unknown}
 s - 2 potions of flight {unknown}
 x - 3 potions of resistance {unknown}
 z - a potion of degeneration {unknown}
 B - a potion of brilliance


   Skills:
 * Level 3.5 Fighting
 * Level 5.4 Maces & Flails
 + Level 3.6 Dodging
 + Level 3.8 Stealth
 + Level 3.6 Spellcasting
 + Level 5.3 Conjurations


You had 7 spell levels left.
You knew the following spells:

 Your Spells              Type           Power      Damage    Failure   Level
a - Magic Dart            Conj           100%       1d8       1%          1
b - Searing Ray           Conj           72%        2d7       1%          2
c - Iskenderun's Mystic   Conj/Tloc      20%        2d6       24%         4

Your spell library contained the following spells:

 Spells                   Type           Power      Damage    Failure   Level
 Dazzling Flash           Conj/Hex       40%        N/A       8%          3
 Fulminant Prism          Conj/Hex       10%        3d8       24%         4


Dungeon Overview and Level Annotations

Branches:
Dungeon (7/15)             Temple (0/1) D:5

Annotations:
D:3 2 transporters, Terence; mys's ghost, amateur AtFi


Innate Abilities, Weirdness & Mutations

You have an increased reservoir of magic. (+10% MP)
You shall have no god before yourself.
Your divine heritage dramatically boosts your attributes as you level up.


Message History

* * * LOW HITPOINT WARNING * * *
The searing ray hits the cyclops.
The cyclops is heavily wounded.
The searing ray misses the cyclops.
You finish channelling your searing ray.
The cyclops hits you!
* * * LOW HITPOINT WARNING * * *
Blink to where?
Press: ? - help, Dir - move target, p - cyclops
As you read the scroll of blinking, it crumbles to dust.
There is a stone staircase leading down here.
You climb downwards.
There is a stone staircase leading up here.
You start resting.
Magic restored.
You start resting.
HP restored.
You climb upwards.
There is a stone staircase leading down here.
Casting: Searing Ray (safe; 1% risk of failure)
Confirm with . or Enter, or press ? or * to list all spells.
Aiming: Searing Ray (safe; 1% risk of failure)
Press: ? - help, Shift-Dir - straight line, f - cyclops
Aim: a cyclops, quivering large rocks (98% to hit)
The searing ray hits the cyclops!
The cyclops is moderately wounded. (Press . to maintain the ray.)
The searing ray hits the cyclops.
The cyclops is moderately wounded.
The cyclops throws a large rock.
The large rock hits you!!!
Ouch! That really hurt!
The searing ray hits the cyclops.
The cyclops is moderately wounded.
Unknown command.
The searing ray hits the cyclops.
The cyclops is moderately wounded.
You finish channelling your searing ray.
The cyclops throws a large rock.
The large rock hits you!!
Ouch! That really hurt!
You die...

##.# #####..# #......# #.####.#
#.# #.# #.# #.# #)# #C#
#.####.###### ##....@......# #.
#>.#.#######.# #. #......# #.#
#.
.#######..#.#.#####.#########.
.......รท...................##.
.#######..#.#.........####.##.
#.......####.#.####.##.
#..#.##.# #.#.##......
#..#.##.# #....#.#)###


You could see a cyclops.

Vanquished Creatures
  Grinder (D:6)
  Eustachio (D:6)
  An ice beast (D:6)
  2 ogres
  A bullfrog (D:6)
  A kobold brigand (D:6)
  4 scorpions (D:5)
  3 jellies
  3 hounds (D:5)
  An orc priest (D:4)
  A sleepcap (D:5)
  Jessica (D:3)
  2 iguanas (D:5)
  Robin (D:3)
  4 gnolls (D:3)
  6 adders
  A shadow imp (D:6)
  A white imp (D:3)
  An ufetubus (D:5)
  2 worms (D:3)
  A dart slug (D:3)
  6 orcs
  6 bats
  4 endoplasms
  3 giant cockroaches
  12 goblins
  12 hobgoblins
  7 jackals
  9 kobolds
  3 quokkas
  10 ball pythons
  A frilled lizard (D:1)
  6 rats
118 creatures vanquished.

Notes
Turn   | Place    | Note
-------+----------+-------------------------------------------
     0 | D:1      | HagarQim the Demigod Conjurer began the quest for the Orb.
     0 | D:1      | Reached XP level 1. HP: 14/14 MP: 5/5
   481 | D:1      | Reached XP level 2. HP: 20/20 MP: 1/7
  1135 | D:2      | Learned a level 2 spell: Searing Ray
  1439 | D:2      | Identified the +4 whip of Dissatisfaction {holy, Will+
                  | Int+5}
  1670 | D:2      | Reached XP level 3. HP: 27/27 MP: 6/8
  2324 | D:3      | Found a transporter.
  2336 | D:3      | Noticed mys's ghost (amateur AtFi)
  2338 | D:3      | Found a transporter.
  2504 | D:3      | HP: 1/27 [poisoned by an adder]
  3042 | D:3      | Reached XP level 4. HP: 34/34 MP: 6/9
  3078 | D:3      | Reached skill level 1 in Maces & Flails
  3161 | D:3      | Learned a level 4 spell: Iskenderun's Mystic Blast
  3219 | D:3      | Noticed Robin
  3453 | D:3      | Noticed Jessica
  3462 | D:3      | Killed Jessica
  3463 | D:3      | Reached skill level 1 in Fighting
  3631 | D:3      | Killed Robin
  3631 | D:3      | Noticed Terence
  3632 | D:3      | Reached XP level 5. HP: 40/40 MP: 1/11
  4955 | D:5      | Entered Level 5 of the Dungeon
  5006 | D:5      | Reached XP level 6. HP: 47/47 MP: 7/13
  5283 | D:5      | Found a staircase to the Ecumenical Temple.
  5439 | D:5      | Reached XP level 7. HP: 43/55 MP: 2/14
  6461 | D:6      | Reached skill level 5 in Conjurations
  6483 | D:6      | Noticed Eustachio
  6817 | D:6      | Killed Eustachio
  6818 | D:6      | Reached skill level 5 in Maces & Flails
  6818 | D:6      | Reached XP level 8. HP: 26/63 MP: 3/16
  6949 | D:6      | Noticed Grinder
  6956 | D:6      | Killed Grinder
  7573 | D:6      | Noticed a cyclops
  7583 | D:6      | HP: 3/63 [cyclops (9)]
  7793 | D:6      | Hit by a large rock thrown by a cyclops

Illustrated notes

Levels and vault maps discovered:
D:1:      spicycebolla_arrival_clurvy, layout_basic, serial_forest,
          infiniplex_forest_straight_3, infiniplex_forest_pool,
          infiniplex_forest_straight_1, infiniplex_forest_lined_3_way,
          infiniplex_forest_straight_3, infiniplex_forest_lined_room_,
          infiniplex_forest_straight_4, infiniplex_forest_clump_large,
          infiniplex_forest_clump_tiny
D:2:      layout_basic, basic_altar, serial_park_tiny_2
D:3:      layout_basic, gammafunk_ghost_arena, st_stairs_7, uniq_jessica,
          uniq_robin, uniq_terence
D:4:      layout_loops_ring
D:5:      wad_crossroads, layout_basic, makhleb_blood_cavern_becter,
          minmay_temple_entry_steel_oval
D:6:      layout_loops_ring, lemuel_crystal_altar, minmay_microvault,
          uniq_grinder, uniq_eustachio, uniq_blork_the_orc
D:7:      layout_basic, chequers_serial_rivers_micro_e, minmay_parallelograms,
          uniq_pikel

Skill      XL: |  1  2  3  4  5  6  7 |
---------------+----------------------+-----
Conjurations   | 4 5 |  5.3
Stealth        | 2 3 |  3.8
Spellcasting   | 2 3 |  3.6
Dodging        | 2 3 |  3.6
Maces & Flails | 1 2 3 5 |  5.4
Fighting       | 1 2 3 |  3.5

Action                     |  1- 3 |  4- 6 |  7- 9 || total
---------------------------+-------+-------+-------++-------
  Melee: Short sword       |    25 |       |       ||    25
         Whip              |    36 |    76 |    48 ||   160
         Punch             |       |     1 |     1 ||     2
   Cast: Magic Dart        |    59 |    44 |    10 ||   113
         Searing Ray       |     2 |    17 |    21 ||    40
    Use: Scroll            |     1 |     4 |     1 ||     6
         Potion            |     1 |       |       ||     1
   Stab: Sleeping          |     5 |     2 |     2 ||     9
 Armour: Robe              |    15 |    11 |    12 ||    38
  Dodge: Dodged            |    44 |    70 |    49 ||   163
